 Dungeon Crawl Stone Soup version 0.29.0-11-gd7f09526c8 (webtiles) character file.

Game seed: 14721779974360181916

129 RascalDebosk the Covered (level 4, -1/40 HPs)
             Began as a Minotaur Fighter on Sept 4, 2022.
             Slain by a gnoll
             ... wielding a +0 spear
              (4 damage)
             ... on level 4 of the Dungeon.
             The game lasted 00:18:34 (2493 turns).

RascalDebosk the Covered (Minotaur Fighter)         Turns: 2493, Time: 00:18:37

Health: -1/40      AC:  7    Str: 22    XL:     4   Next: 88%
Magic:  3/3        EV:  9    Int:  5    God:
Gold:   255        SH:  9    Dex: 10    Spells: 3/3 levels left

rFire   . . .      SeeInvis +   a - +0 war axe
rCold   . . .      Faith    .   c - +0 buckler
rNeg    . . .      Spirit   .   b - +0 scale mail
rPois   .          Reflect  +   (helmet restricted)
rElec   .          Harm     .   (no cloak)
rCorr   .          Rampage  .   (no gloves)
Will    .....                   (no boots)
Stlth   ..........              s - amulet of reflection
HPRegen 0.13/turn               g - ring of flight
MPRegen 0.08/turn               t - ring of see invisible

@: flying
A: horns 2, retaliatory headbutt
a: no special abilities


You were on level 4 of the Dungeon.
You visited 1 branch of the dungeon, and saw 4 of its levels.

You collected 255 gold pieces.

Inventory:

Hand Weapons
 a - a +0 war axe (weapon)
Missiles
 f - 10 poisoned darts (quivered)
Armour
 b - a +0 scale mail (worn)
 c - a +0 buckler (worn)
 x - a +2 pair of boots of rampaging
Jewellery
 g - a ring of flight (left hand)
 j - an amulet of faith
 s - an amulet of reflection (around neck)
 t - a ring of see invisible (right hand)
Scrolls
 i - a scroll of identify {unknown}
 l - a scroll of noise {unknown}
 n - a scroll of silence {unknown}
 o - a scroll of torment {unknown}
 p - a scroll of amnesia {unknown}
 q - a scroll of summoning {unknown}
 r - 2 scrolls of teleportation {unknown}
 u - 2 scrolls of vulnerability {unknown}
 w - a scroll of immolation {unknown}
 y - a scroll of acquirement {unknown}
Potions
 d - 2 potions of might
 e - 4 potions of curing {unknown}
 h - a potion of haste {unknown}
 k - a potion of lignification {unknown}
 m - a potion of ambrosia {unknown}
 v - a potion of flight {unknown}
 z - a potion of magic {unknown}


   Skills:
 + Level 4.2 Fighting
 + Level 3.2 Axes
 * Level 2.2 Throwing
 * Level 4.7 Armour
 + Level 4.2 Shields


You had 3 spell levels left.
You didn't know any spells.
Your spell library contained the following spells:

 Spells                   Type           Power      Damage    Failure   Level
 Necrotise                Necr           0%         1d4       87%         1
 Blink                    Tloc           0%         N/A       95%         2
 Call Canine Familiar     Summ           0%         N/A       99%         3
 Lesser Beckoning         Tloc           0%         N/A       99%         3
 Portal Projectile        Hex/Tloc       0%         N/A       99%         3
 Vampiric Draining        Necr           0%         2d6       99%         3
 Animate Dead             Necr           0%         N/A       100%        4
 Leda's Liquefaction      Hex/Erth       0%         N/A       100%        4
 Agony                    Necr           0%         N/A       100%        5
 Manifold Assault         Tloc           0%         N/A       100%        5
 Haunt                    Necr/Summ      0%         N/A       100%        7
 Infestation              Necr           0%         N/A       100%        8


Dungeon Overview and Level Annotations

Branches:
Dungeon (4/15)
 Temple: D:4-7

Altars:
Ashenzari
Elyvilon
Gozag
Hepliaklqana
Qazlal


Innate Abilities, Weirdness & Mutations

You have a pair of horns on your head.
You reflexively headbutt those who attack you in melee.


Message History

The iguana barely misses you.
You slash the iguana!
The iguana is severely wounded.
The iguana barely misses you. The iguana closely misses you.
The gnoll hits you but does no damage.
You hit the iguana.
The iguana is severely wounded.
You hit the gnoll. You block the iguana's attack.
The gnoll hits you with a +0 whip. You block the gnoll's attack.
You barely miss the iguana.
The iguana is severely wounded.
You hit the gnoll but do no damage. x2
The iguana bites you but does no damage.
The gnoll hits you from afar with a +0 spear.
The gnoll barely misses you. You block the gnoll's attack.
The iguana bites you. You block the gnoll's attack.
The gnoll hits you with a +0 whip!
The gnoll hits you from afar with a +0 spear.
You closely miss the iguana.
The iguana is severely wounded.
You slash the gnoll! You barely miss the gnoll. The iguana bites you!
* * * LOW HITPOINT WARNING * * *
The gnoll barely misses you. The gnoll hits you with a +0 whip.
* * * LOW HITPOINT WARNING * * *
You block the gnoll's attack.
You barely miss the gnoll.
The gnoll is moderately wounded.
You hit the gnoll but do no damage. You hit the iguana but do no damage.
The iguana barely misses you. You block the gnoll's attack.
The gnoll hits you from afar with a +0 spear.
* * * LOW HITPOINT WARNING * * *
The gnoll closely misses you. You furiously retaliate!
You headbutt the gnoll!
You kill the gnoll!
You slash the gnoll!
You kill the gnoll!
You slash the iguana!
You kill the iguana!
The gnoll barely misses you.
The gnoll hits you from afar with a +0 spear.
You die... #.# ##...P #.# ...... #.# #g.gP

#.# ##S.g #.#
....#####.#
..g.. #<#
...#####)####.#
#.....@)...†.#
[.....(..######
##########


You could see a gnoll.

Vanquished Creatures
  2 iguanas
  2 gnolls (D:4)
  4 adders
  A worm (D:2)
  A dart slug (D:3)
  7 endoplasms
  2 giant cockroaches (D:3)
  6 goblins
  4 hobgoblins
  6 kobolds
  2 quokkas
  4 ball pythons
  8 bats
  4 frilled lizards
  3 rats (D:1)
56 creatures vanquished.

Notes
Turn   | Place    | Note
-------+----------+-------------------------------------------
     0 | D:1      | RascalDebosk the Minotaur Fighter began the quest for the
                  | Orb.
     0 | D:1      | Reached XP level 1. HP: 19/19 MP: 0/0
   139 | D:1      | Reached XP level 2. HP: 27/27 MP: 1/1
   230 | D:1      | Reached skill level 1 in Throwing
   837 | D:2      | Reached XP level 3. HP: 30/33 MP: 2/2
  1434 | D:3      | Reached XP level 4. HP: 40/40 MP: 3/3
  1637 | D:3      | Found a stormy altar of Qazlal.
  1757 | D:3      | Found a white marble altar of Elyvilon.
  1846 | D:3      | Found an opulent altar of Gozag.
  1846 | D:3      | Found a hazy altar of Hepliaklqana.
  1993 | D:3      | Found a broken altar of Ashenzari.
  2051 | D:3      | Found a faded altar of an unknown god.
  2493 | D:4      | Slain by a gnoll

Illustrated notes

Levels and vault maps discovered:
D:1:      dpeg_arrival_solitude, layout_rooms, minmay_tall_x
D:2:      layout_basic
D:3:      kennysheep_big_flooded_room, layout_loops_ring,
          nicolae_ashenzari_panopticon, mainiacjoe_overflow_cross_hatched,
          elyvilon_altar_4, gammafunk_temple_overflow_elements,
          shapermc_ecumenical_altar_mp_vishouse
D:4:      kb_forest_paths, layout_loops_ring, bloody_makhleb, st_stairs_5,
          cheibrodos_gnoll_hut, uniq_menkaure, uniq_ijyb, uniq_pikel

Skill      XL: |  1  2  3  4 |
---------------+-------------+-----
Throwing       | 1 2 |  2.2
Armour         | 4 |  4.7
Fighting       | 4 |  4.2
Axes           | 3 |  3.2
Shields        | 4 |  4.2

Action                   |  1- 3 |  4- 6 || total
-------------------------+-------+-------++-------
Melee: War axe           |    51 |    57 ||   108
       Headbutt          |     3 |     4 ||     7
Throw: Dart              |    10 |    19 ||    29
Armor: Scale mail        |    28 |    28 ||    56
Dodge: Dodged            |    29 |    23 ||    52
Block: Buckler           |    19 |    41 ||    60
       Reflection        |       |     1 ||     1
